| TOP OF THE 1ST |
|
Americus Braves batting - Pitching for Joplin Blasters : RHP Abban Sartika
|
|
Pitching: RHP Abban Sartika
|
|
|
Batting: RHB Scott Hansen
|
0-0: Ground out 5-3 (Groundball, 5S, EV 60.0 MPH)
|
|
Batting: SHB Chris Morrison
|
0-0: Ball 1-0: Fly out, F8 (Line Drive, 8LM, EV 98.8 MPH)
|
|
Batting: SHB Vladimir Guerrero III
|
0-0: Called Strike 0-1: Foul Ball, location: 2F 0-2: Foul Ball, location: 2F 0-2: Strikes out swinging
|
| Top of the 1st over - 0 runs, 0 hits, 0 errors, 0 left on base; Americus 0 - Joplin 0 |
| BOTTOM OF THE 1ST |
|
Joplin Blasters batting - Pitching for Americus Braves : LHP Jose Reyes
|
|
Pitching: LHP Jose Reyes
|
|
|
Batting: RHB Angel Melendez
|
0-0: Ball 1-0: Ball 2-0: Ball 3-0: Called Strike 3-1: Ground out 6-3 (Groundball, 6M, EV 81.2 MPH)
|
|
Batting: RHB Dustin Peterson
|
0-0: Ball 1-0: Foul Ball, location: 2F 1-1: Swinging Strike 1-2: Ball 2-2: Strikes out swinging
|
|
Batting: RHB Mike McClung
|
0-0: Ball 1-0: Fly out, F9 (Line Drive, 9, EV 98.1 MPH)
|
| Bottom of the 1st over - 0 runs, 0 hits, 0 errors, 0 left on base; Americus 0 - Joplin 0 |
| TOP OF THE 2ND |
|
Americus Braves batting - Pitching for Joplin Blasters : RHP Abban Sartika
|
|
Batting: RHB Wilson Salgado
|
0-0: Ball 1-0: Ball 2-0: Called Strike 2-1: TRIPLE (Flyball, 78XD, EV 106.9 MPH)
|
|
Batting: RHB Josh Maxwell
|
0-0: SINGLE (Flyball, 4MD, EV 94.4 MPH) Wilson Salgado scores
|
|
Batting: LHB Garret Mathis
|
0-0: Foul Ball, location: 2F 0-1: Ball 1-1: Ball 2-1: Foul Ball, location: 2F 2-2: Ball 3-2: Fielders Choice at 2nd, 4-6 (Groundball, 4, EV 108.8 MPH)
|
|
Batting: RHB Jose Florez
|
0-0: Ball 1-0: Swinging Strike 1-1: Ball 2-1: Fly out, F7 (Flyball, 7, EV 94.4 MPH)
|
|
Batting: RHB Chris Foss
|
0-0: SINGLE (Groundball, P, EV 86.9 MPH) (infield hit) Garret Mathis to second
|
|
Batting: LHB Pappy Sterile
|
0-0: Called Strike 0-1: Called Strike 0-2: Fielders Choice at 2nd, 5-4 (Groundball, 56, EV 94.4 MPH)
|
| Top of the 2nd over - 1 run, 3 hits, 0 errors, 2 left on base; Americus 1 - Joplin 0 |
| BOTTOM OF THE 2ND |
|
Joplin Blasters batting - Pitching for Americus Braves : LHP Jose Reyes
|
|
Batting: RHB Tanner Holland
|
0-0: Ball 1-0: Called Strike 1-1: Ground out 6-3 (Groundball, 6, EV 85.6 MPH)
|
|
Batting: RHB Steve Huebner
|
0-0: Ball 1-0: Called Strike 1-1: Fly out, F4 (Popup, 3D, EV 51.9 MPH)
|
|
Batting: LHB Willie Marquez
|
0-0: Foul Ball, location: 2F 0-1: Ball 1-1: Swinging Strike 1-2: Strikes out swinging
|
| Bottom of the 2nd over - 0 runs, 0 hits, 0 errors, 0 left on base; Americus 1 - Joplin 0 |
| TOP OF THE 3RD |
|
Americus Braves batting - Pitching for Joplin Blasters : RHP Abban Sartika
|
|
Batting: RHB Scott Hansen
|
0-0: SINGLE (Line Drive, 8LS, EV 99.4 MPH)
|
|
Batting: SHB Chris Morrison
|
0-0: Called Strike 0-1: Ball 1-1: Ball 2-1: Ball 3-1: Called Strike 3-2: Fielders Choice at 2nd, 3-6 (Groundball, 3, EV 85.6 MPH)
|
|
Batting: SHB Vladimir Guerrero III
|
0-0: Ball 1-0: Swinging Strike 1-1: Fly out, F7 (Flyball, 7, EV 93.1 MPH)
|
|
Batting: RHB Wilson Salgado
|
0-0: Swinging Strike 0-1: Ball 1-1: Foul Ball, location: 2F 1-2: Strikes out swinging
|
| Top of the 3rd over - 0 runs, 1 hit, 0 errors, 1 left on base; Americus 1 - Joplin 0 |
| BOTTOM OF THE 3RD |
|
Joplin Blasters batting - Pitching for Americus Braves : LHP Jose Reyes
|
|
Batting: RHB Abban Sartika
|
0-0: Ball 1-0: Ball 2-0: Ball 3-0: Called Strike 3-1: Foul Ball, location: 2F 3-2: Strikes out swinging
|
|
Batting: RHB Nate Brewer
|
0-0: Called Strike 0-1: Ball 1-1: Called Strike 1-2: Ball 2-2: SINGLE (Groundball, 6M, EV 108.8 MPH) (infield hit)
|
|
Batting: LHB Josh Lane
|
0-0: Called Strike 0-1: Called Strike 0-2: Ball 1-2: Reached on error, E1 (Groundball, 34S, EV 62.5 MPH) Nate Brewer to second
|
|
Batting: RHB Angel Melendez
|
0-0: Called Strike 0-1: SINGLE (Line Drive, 4D, EV 93.8 MPH) Nate Brewer to third Josh Lane to second Runner from 3rd tries for Home, SAFE, throw by RF to home
|
|
Batting: RHB Dustin Peterson
|
0-0: Ball Wild Pitch! Josh Lane to third Angel Melendez to second 1-0: Ball 2-0: Called Strike 2-1: Foul Ball, location: 2F 2-2: Ball 3-2: 3-RUN HOME RUN (Flyball, 78XD, EV 100.0 MPH), Distance : 411 ft
|
|
Batting: RHB Mike McClung
|
0-0: Ball 1-0: Called Strike 1-1: Called Strike 1-2: Strikes out swinging
|
|
Batting: RHB Tanner Holland
|
0-0: DOUBLE (Flyball, 9LD, EV 108.1 MPH)
|
|
Batting: RHB Steve Huebner
|
0-0: Ball 1-0: Fly out, F7 (Flyball, 7LM, EV 93.1 MPH)
|
| Bottom of the 3rd over - 4 runs, 4 hits, 1 error, 1 left on base; Americus 1 - Joplin 4 |
| TOP OF THE 4TH |
|
Americus Braves batting - Pitching for Joplin Blasters : RHP Abban Sartika
|
|
Batting: RHB Josh Maxwell
|
0-0: Ball 1-0: Foul Ball, location: 2F 1-1: Ball 2-1: Ground out U3 (Groundball, 23, EV 91.9 MPH)
|
|
Batting: LHB Garret Mathis
|
0-0: Called Strike 0-1: Foul Ball, location: 2F 0-2: Ball 1-2: Ball 2-2: Ground out U3 (Groundball, 3L, EV 110.0 MPH)
|
|
Batting: RHB Jose Florez
|
0-0: Ground out 5-3 (Groundball, 5S, EV 88.8 MPH)
|
| Top of the 4th over - 0 runs, 0 hits, 0 errors, 0 left on base; Americus 1 - Joplin 4 |
| BOTTOM OF THE 4TH |
|
Joplin Blasters batting - Pitching for Americus Braves : LHP Jose Reyes
|
|
Batting: LHB Willie Marquez
|
0-0: Fly out, F4 (Line Drive, 4, EV 67.5 MPH)
|
|
Batting: RHB Abban Sartika
|
0-0: Ball 1-0: Ball 2-0: Called Strike 2-1: Swinging Strike 2-2: Ball 3-2: Base on Balls
|
|
Batting: RHB Nate Brewer
|
0-0: SINGLE (Groundball, 56D, EV 100.0 MPH) Abban Sartika to second
|
|
Batting: LHB Josh Lane
|
0-0: Swinging Strike 0-1: Foul Ball, location: 2F 0-2: Ball 1-2: Grounds into double play, 5-4-3 (Groundball, 56, EV 88.8 MPH)
|
| Bottom of the 4th over - 0 runs, 1 hit, 0 errors, 1 left on base; Americus 1 - Joplin 4 |
| TOP OF THE 5TH |
|
Americus Braves batting - Pitching for Joplin Blasters : RHP Abban Sartika
|
|
Batting: RHB Chris Foss
|
0-0: Foul Ball, location: 2F 0-1: Swinging Strike 0-2: Fly out, F8 (Flyball, 8RD, EV 101.2 MPH)
|
|
Batting: LHB Pappy Sterile
|
0-0: Foul Ball, location: 2F 0-1: Ball 1-1: Ball 2-1: Swinging Strike 2-2: Strikes out swinging
|
|
Batting: RHB Scott Hansen
|
0-0: Ball 1-0: Swinging Strike 1-1: Ball 2-1: Ball 3-1: Base on Balls
|
|
Batting: SHB Chris Morrison
|
0-0: Foul Ball, location: 2F 0-1: Swinging Strike 0-2: SINGLE (Flyball, 5D, EV 95.6 MPH) Scott Hansen to second
|
|
Pitching: RHP Robert Carlos
|
|
|
Batting: SHB Vladimir Guerrero III
|
0-0: Ground out 5-3 (Groundball, 56S, EV 75.0 MPH)
|
| Top of the 5th over - 0 runs, 1 hit, 0 errors, 2 left on base; Americus 1 - Joplin 4 |
| BOTTOM OF THE 5TH |
|
Joplin Blasters batting - Pitching for Americus Braves : LHP Jose Reyes
|
|
Batting: RHB Angel Melendez
|
0-0: SOLO HOME RUN (Flyball, 78XD, EV 102.5 MPH), Distance : 419 ft
|
|
Batting: RHB Dustin Peterson
|
0-0: Ball 1-0: Ground out 6-3 (Groundball, 6D, EV 100.0 MPH)
|
|
Batting: RHB Mike McClung
|
0-0: Ball 1-0: Ball 2-0: Foul Ball, location: 2F 2-1: Swinging Strike 2-2: Ball 3-2: Base on Balls
|
|
Batting: RHB Tanner Holland
|
0-0: Called Strike 0-1: Ball 1-1: Ball 2-1: DOUBLE (Line Drive, 8LD, EV 106.2 MPH) Mike McClung to third Runner from 3rd tries for Home, SAFE, throw by CF to home
|
|
Pitching: LHP Pat Cusick
|
|
|
Batting: RHB Steve Huebner
|
0-0: Ball 1-0: Ball Wild Pitch! Tanner Holland to third 2-0: Ball 3-0: Called Strike 3-1: Base on Balls
|
|
Batting: LHB Willie Marquez
|
0-0: Foul Ball, location: 2F 0-1: Ball 1-1: Swinging Strike 1-2: Ball 2-2: Foul Ball, location: 2F 2-2: Ball 3-2: Foul Ball, location: 2F 3-2: Base on Balls Steve Huebner to second
|
|
Batting: RHB Abban Sartika
|
0-0: Ball 1-0: Ball 2-0: Ball 3-0: Called Strike 3-1: Base on Balls Tanner Holland scores Steve Huebner to third Willie Marquez to second
|
|
Batting: RHB Nate Brewer
|
0-0: Ball 1-0: Fly out, F8 (Flyball, 89D, EV 91.9 MPH) Runner from 3rd tags up, SCORES, throw by CF Willie Marquez to third
|
|
Batting: LHB Josh Lane
|
0-0: Ground out 4-3 (Groundball, 4MS, EV 68.8 MPH)
|
| Bottom of the 5th over - 4 runs, 2 hits, 0 errors, 2 left on base; Americus 1 - Joplin 8 |
| TOP OF THE 6TH |
|
Americus Braves batting - Pitching for Joplin Blasters : RHP Robert Carlos
|
|
Batting: RHB Wilson Salgado
|
0-0: Ball 1-0: Ball 2-0: Ball 3-0: Base on Balls
|
|
Batting: RHB Josh Maxwell
|
0-0: Ball Wild Pitch! Wilson Salgado to second 1-0: Called Strike 1-1: Fly out, F7 (Line Drive, 78M, EV 105.6 MPH)
|
|
Batting: LHB Garret Mathis
|
0-0: Foul Ball, location: 2F 0-1: Ball 1-1: Ball 2-1: Foul Ball, location: 2F 2-2: Foul Ball, location: 2F 2-2: Ball 3-2: SINGLE (Flyball, 78S, EV 86.2 MPH) Wilson Salgado to third
|
|
Batting: RHB Jose Florez
|
0-0: Ball 1-0: Called Strike 1-1: Swinging Strike 1-2: Ball 2-2: Foul Ball, location: 2F 2-2: Fly out, F9 (Flyball, 9, EV 88.8 MPH) Runner from 3rd tags up, SCORES, throw by RF
|
|
Batting: RHB Chris Foss
|
0-0: Swinging Strike 0-1: Foul Ball, location: 2F 0-2: Foul Ball, location: 2F 0-2: Strikes out looking
|
| Top of the 6th over - 1 run, 1 hit, 0 errors, 1 left on base; Americus 2 - Joplin 8 |
| BOTTOM OF THE 6TH |
|
Joplin Blasters batting - Pitching for Americus Braves : LHP Pat Cusick
|
|
Batting: RHB Angel Melendez
|
0-0: Ball 1-0: Ball 2-0: Ball 3-0: Called Strike 3-1: Ground out 4-3 (Groundball, 4S, EV 86.9 MPH)
|
|
Batting: RHB Dustin Peterson
|
0-0: Ground out 5-3 (Groundball, 56, EV 103.1 MPH)
|
|
Batting: RHB Mike McClung
|
0-0: Fly out, F8 (Flyball, 89D, EV 95.0 MPH)
|
| Bottom of the 6th over - 0 runs, 0 hits, 0 errors, 0 left on base; Americus 2 - Joplin 8 |
| TOP OF THE 7TH |
|
Americus Braves batting - Pitching for Joplin Blasters : RHP Robert Carlos
|
|
Batting: LHB Pappy Sterile
|
0-0: Ball 1-0: Ball 2-0: Ball 3-0: Called Strike 3-1: Base on Balls
|
|
Batting: RHB Scott Hansen
|
0-0: Ball 1-0: Foul Ball, location: 2F 1-1: Ball 2-1: Foul Ball, location: 2F 2-2: Ball 3-2: Base on Balls Pappy Sterile to second
|
|
Batting: SHB Chris Morrison
|
0-0: Fly out, F9 (Flyball, 9LM, EV 86.9 MPH)
|
|
Batting: SHB Vladimir Guerrero III
|
0-0: Ball 1-0: Ball 2-0: Called Strike 2-1: Called Strike 2-2: Fly out, F5 (Popup, 5, EV 66.2 MPH)
|
|
Batting: RHB Wilson Salgado
|
0-0: Ball 1-0: Ball 2-0: Ball 3-0: Called Strike 3-1: Swinging Strike 3-2: SINGLE (Groundball, 56D, EV 95.6 MPH) Pappy Sterile to third Scott Hansen to second Pappy Sterile scores Scott Hansen to third
|
|
Batting: RHB Josh Maxwell
|
0-0: Called Strike 0-1: Ball 1-1: Ball 2-1: Swinging Strike 2-2: Foul Ball, location: 2F 2-2: Ball 3-2: Foul Ball, location: 2F 3-2: Base on Balls Wilson Salgado to second
|
|
Batting: LHB Garret Mathis
|
0-0: Ball 1-0: Ball 2-0: Swinging Strike 2-1: Ball 3-1: Base on Balls Scott Hansen scores Wilson Salgado to third Josh Maxwell to second
|
|
Pitching: RHP Rade Mamula
|
|
|
Batting: RHB Jose Florez
|
0-0: Called Strike 0-1: Ball 1-1: Fly out, F8 (Flyball, 78S, EV 92.5 MPH)
|
| Top of the 7th over - 2 runs, 1 hit, 0 errors, 3 left on base; Americus 4 - Joplin 8 |
| BOTTOM OF THE 7TH |
|
Joplin Blasters batting - Pitching for Americus Braves : LHP Pat Cusick
|
|
Batting: RHB Tanner Holland
|
0-0: Ground out 6-3 (Groundball, 6M, EV 80.0 MPH)
|
|
Batting: RHB Steve Huebner
|
0-0: Ball 1-0: Called Strike 1-1: Called Strike 1-2: Ball 2-2: Strikes out swinging
|
|
Batting: LHB Willie Marquez
|
0-0: Ground out 4-3 (Groundball, 4S, EV 91.2 MPH)
|
| Bottom of the 7th over - 0 runs, 0 hits, 0 errors, 0 left on base; Americus 4 - Joplin 8 |
| TOP OF THE 8TH |
|
Americus Braves batting - Pitching for Joplin Blasters : RHP Rade Mamula
|
|
Batting: RHB Chris Foss
|
0-0: Called Strike 0-1: Called Strike 0-2: Ball 1-2: Foul Ball, location: 2F 1-2: Strikes out swinging
|
|
Batting: LHB Pappy Sterile
|
0-0: Called Strike 0-1: Hit by Pitch
|
|
Batting: RHB Scott Hansen
|
0-0: Ball 1-0: Called Strike 1-1: Swinging Strike 1-2: Ball 2-2: Fly out, F7 (Flyball, 78S, EV 88.1 MPH)
|
|
Batting: SHB Chris Morrison
|
0-0: Ground out 4-3 (Groundball, 4, EV 90.6 MPH)
|
| Top of the 8th over - 0 runs, 0 hits, 0 errors, 1 left on base; Americus 4 - Joplin 8 |
| BOTTOM OF THE 8TH |
|
Joplin Blasters batting - Pitching for Americus Braves : LHP Pat Cusick
|
|
Batting: RHB Abban Sartika
|
0-0: Ball 1-0: Ball 2-0: Swinging Strike 2-1: Swinging Strike 2-2: Ball 3-2: Strikes out swinging
|
|
Batting: RHB Nate Brewer
|
0-0: Ball 1-0: Called Strike 1-1: Foul Ball, location: 2F 1-2: Ball 2-2: Strikes out swinging
|
|
Batting: LHB Josh Lane
|
0-0: Called Strike 0-1: Ball 1-1: Swinging Strike 1-2: Ball 2-2: Strikes out swinging
|
| Bottom of the 8th over - 0 runs, 0 hits, 0 errors, 0 left on base; Americus 4 - Joplin 8 |
| TOP OF THE 9TH |
|
Americus Braves batting - Pitching for Joplin Blasters : RHP Rade Mamula
|
|
Pinch Hitting: RHB Ryan Cole
|
0-0: Ball 1-0: Foul Ball, location: 2F 1-1: Ball 2-1: Foul Ball, location: 2F 2-2: Foul Ball, location: 2F 2-2: Ball 3-2: Fly out, F8 (Flyball, 89M, EV 87.5 MPH)
|
|
Batting: RHB Wilson Salgado
|
0-0: Swinging Strike 0-1: Ball 1-1: Swinging Strike 1-2: Fly out, F7 (Flyball, 7S, EV 86.2 MPH)
|
|
Batting: RHB Josh Maxwell
|
0-0: Ball 1-0: Ball 2-0: Ball 3-0: Called Strike 3-1: Base on Balls
|
|
Batting: LHB Garret Mathis
|
0-0: Ball 1-0: Swinging Strike 1-1: Foul Ball, location: 2F 1-2: Fly out, F5 (Line Drive, 5, EV 70.0 MPH)
|
| Top of the 9th over - 0 runs, 0 hits, 0 errors, 1 left on base; Americus 4 - Joplin 8 |
|